 Dungeon Crawl Stone Soup version 0.31.0-32-g396128a36d (webtiles) character file.

Game seed: 13679237112236204304

9582 bane2007 the Thrower (level 11, -4/89 HPs)
             Began as a Gnoll Wanderer on Apr 12, 2024.
             Was a Priest of the Shining One.
             Slain by an eight-headed hydra (6 damage)
             ... on level 11 of the Dungeon.
             The game lasted 01:35:59 (14408 turns).

bane2007 the Thrower (Gnoll Wanderer)              Turns: 14408, Time: 01:35:59

Health: -4/89      AC: 16    Str: 10    XL:     11   Next: 48%
Magic:  20/20      EV: 14    Int: 11    God:    the Shining One [***...]
Gold:   480        SH:  0    Dex: 18    Spells: 21/23 levels left

rFire   . . .        G - +1 flail (holy)
rCold   . . .        (no shield)
rNeg    + . .        U - +1 acid dragon scales
rPois   .            p - +2 helmet
rElec   .            f - +0 cloak
rCorr   +            s - +0 pair of gloves
SInv    .            a - +0 pair of boots
Will    +....        (no amulet)
Stlth   ++           I - ring of flight
HPRegen 0.34/turn    x - ring of willpower
MPRegen 0.17/turn

%: no passive effects
@: flying, hasted, glowing, very quick
A: fangs 1, strong nose, distributed training
a: Renounce Religion, Divine Shield, Cleansing Flame


You were on level 11 of the Dungeon.
You worshipped the Shining One.
The Shining One was most pleased with you.
You visited 2 branches of the dungeon, and saw 12 of its levels.

You collected 826 gold pieces.
You spent 346 gold pieces at shops.

Inventory:

Hand Weapons
 G - a +1 flail of holy wrath (weapon)
 P - a +2 long sword of freezing
 V - the +5 spear of Attainder {elec, SInv}
   (You found it on level 9 of the Dungeon)

   SInv:      It lets you see invisible.
Missiles
 t - 28 poisoned darts (quivered)
Armour
 a - a +0 pair of boots (worn)
 e - the +1 scale mail of the Tundras {rPois Dex+5}
   (You bought it in a shop on level 9 of the Dungeon)

   Dex+5:     It affects your dexterity (+5).
   rPois:     It protects you from poison
 f - a +0 cloak (worn)
 p - a +2 helmet (worn)
 s - a +0 pair of gloves (worn)
 B - a +0 hat
 J - a +0 tower shield
 Q - a +2 leather armour of poison resistance
 U - +1 acid dragon scales (worn)
 Y - a +0 plate armour
Jewellery
 i - an amulet of regeneration
 l - a +6 ring of intelligence
 m - a ring of ice
 q - a ring of fire
 r - an amulet of faith
 x - a ring of willpower (right hand)
 y - a ring of positive energy
 I - a ring of flight (left hand)
 R - an amulet of regeneration
 T - a +4 ring of protection
 X - a +6 ring of intelligence
Talismans
 j - a serpent talisman
 H - a maw talisman
Wands
 k - a wand of polymorph (2)
 z - a wand of charming (1)
 N - a wand of mindburst (5)
Scrolls
 d - a scroll of vulnerability
 W - 2 scrolls of teleportation
Potions
 b - 3 potions of curing
 c - a potion of resistance {unknown}
 n - 2 potions of attraction
 o - 3 potions of brilliance
 v - a potion of magic {unknown}
 w - a potion of invisibility {unknown}
 A - a potion of might {unknown}
 O - 2 potions of lignification


   Skills:
 + Level 9.4 Fighting
 + Level 6.6 Short Blades
 + Level 9.4 Long Blades
 + Level 6.6 Axes
 + Level 6.6 Maces & Flails
 + Level 6.6 Polearms
 + Level 6.6 Staves
 + Level 6.6 Ranged Weapons
 + Level 9.4 Throwing
 + Level 7.1 Armour
 + Level 6.6 Dodging
 + Level 6.6 Stealth
 + Level 6.6 Shields
 + Level 6.6 Unarmed Combat
 + Level 6.6 Spellcasting
 + Level 5.4 Conjurations
 + Level 5.4 Hexes
 + Level 5.4 Summonings
 + Level 5.4 Necromancy
 + Level 5.4 Translocations
 + Level 5.4 Fire Magic
 + Level 5.4 Ice Magic
 + Level 5.4 Air Magic
 + Level 5.4 Earth Magic
 + Level 5.4 Alchemy
 + Level 7.2 Invocations
 + Level 6.6 Evocations
 + Level 6.0 Shapeshifting


You had 21 spell levels left.
You knew the following spells:

 Your Spells              Type           Power      Damage    Failure   Level
a - Blink                 Tloc           30%        N/A       4%          2

Your spell library contained the following spells:

 Spells                   Type           Power      Damage    Failure   Level
 Lesser Beckoning         Tloc           30%        N/A       4%          2
 Momentum Strike          Conj/Tloc      30%        3d8       4%          2
 Call Canine Familiar     Summ           15%        N/A       9%          3
 Sigil of Binding         Hex            15%        N/A       9%          3
 Dimensional Bullseye     Hex/Tloc       7%         N/A       28%         4
 Leda's Liquefaction      Alch/Erth      7%         N/A       28%         4
 Manifold Assault         Tloc           15%        N/A       28%         4
 Iskenderun's Battlesphe  Conj           15%        2d7       63%         5
 Lee's Rapid Deconstruct  Erth           7%         3d7*      63%         5
 Bombard                  Conj/Erth      7%         9d2       99%         6
 Dispersal                Tloc           7%         N/A       99%         6
 Spellforged Servitor     Conj/Summ      7%         N/A       100%        7
 Disjunction              Tloc           7%         N/A       100%        8


Dungeon Overview and Level Annotations

Branches:
Dungeon (11/15)            Temple (1/1) D:4
   Lair: D:8-11         Orc: D:9-12

Altars:
Ashenzari
Cheibriados
Dithmenos
Elyvilon
Fedhas
Gozag
Hepliaklqana
Kikubaaqudgha
Makhleb
Nemelex Xobeh
Okawaru
Qazlal
Ru
Sif Muna
Trog
Uskayaw
Vehumet
Wu Jian
Xom
Yredelemnul
Zin
The Shining One

Shops:
D:5 :[*[!   D:9 *

Annotations:
D:2 1 runed translucent door, Crazy Yiuf
D:10 Lodul


Innate Abilities, Weirdness & Mutations

You have very sharp teeth.
Your uncanny sense of smell can sniff out nearby items.
Your experience applies equally to all skills.


Message History

The eight-headed hydra barely misses you.
The eight-headed hydra bites you!
Aiming: Mindburst
Press: ? - help, Q - select action, (/) - cycle Shift-Dir - straight line, f/p - eight-headed hydra
Aim: an eight-headed hydra (moderately wounded, haloed, chance to affect: 55%)
The eight-headed hydra resists with significant effort.
You carefully extract the barbed spikes from your body.
The eight-headed hydra bites you but does no damage. x2
The eight-headed hydra bites you! x2; The eight-headed hydra misses you. x2
The eight-headed hydra closely misses you. x2
A troll comes into view.
The eight-headed hydra attacks as it pursues you!
The eight-headed hydra bites you. x2
The eight-headed hydra closely misses you.
The eight-headed hydra bites you but does no damage. x2
The eight-headed hydra bites you!
The eight-headed hydra barely misses you.
The eight-headed hydra completely misses you.
You feel yourself speed up.
The eight-headed hydra barely misses you.
The eight-headed hydra bites you but does no damage.
The eight-headed hydra bites you!
* * * LOW HITPOINT WARNING * * *
The eight-headed hydra completely misses you.
The eight-headed hydra bites you.
* * * LOW HITPOINT WARNING * * *
The eight-headed hydra bites you!
* * * LOW HITPOINT WARNING * * *
The eight-headed hydra bites you but does no damage.
The eight-headed hydra completely misses you.
Aiming: Charm
Press: ? - help, Q - select action, (/) - cycle Shift-Dir - straight line, p - eight-headed hydra
Okay, then.
As you read the scroll of fog, it dissolves into smoke.
The eight-headed hydra attacks as it pursues you!
The eight-headed hydra bites you but does no damage.
The eight-headed hydra bites you!
* * * LOW HITPOINT WARNING * * *
The eight-headed hydra misses you. The eight-headed hydra bites you.
You die...

######.#... ∆ #......##.. #
#.#...##### . #.#........ #.
#.#...##### # #. #.#.###
#.#.####### #...#####..
###......§§§###+###..........
..........§D@§..)............
........D§§§###.###.........#
#..######.######...###########
........TH...........
#+#####(#####+###...... ...#
^..... #.#(H ...... +..#.
...... # . #.


You could see an eight-headed hydra.

Vanquished Creatures
  An ettin (D:10)
  A two-headed ogre (D:9)
  Nergalle (D:10)
  A gargoyle (D:11)
  Maggie (D:9)
  An unseen horror (D:9)
  A hornet (D:11)
  Prince Ribbit (D:6)
  2 vampires (D:10)
  A wyvern (D:9)
  12 yaks
  Edmund (D:4)
  3 acid dragons
  A water moccasin (D:5)
  Duvessa (D:6)
  3 orc warriors
  A sky beast (D:5)
  4 black bears
  An ice beast (D:7)
  A centaur (D:6)
  3 ogres
  A phantom (D:5)
  4 bullfrogs
  5 kobold brigands
  2 scorpions (D:6)
  4 wights
  Dowan (D:6)
  8 killer bees
  A howler monkey (D:10)
  An electric eel (D:6)
  A hound (D:4)
  2 jellies
  A sleepcap (D:6)
  7 orc priests
  5 iguanas
  18 orc wizards
  6 adders
  2 white imps (D:6)
  2 ufetubi (D:5)
  2 ribbon worms
  A dart slug (D:3)
  39 orcs
  2 endoplasms
  A giant cockroach (D:2)
  9 goblins
  9 hobgoblins
  10 jackals (D:1)
  5 quokkas
  12 ball pythons
  5 bats
  2 frilled lizards (D:1)
  28 kobolds
  10 rats
248 creatures vanquished.

Vanquished Creatures (collateral kills)
  A killer bee (D:8)
  A howler monkey (D:10)
  3 orcs (D:10)
5 creatures vanquished.

Vanquished Creatures (others)
  2 yaks (D:10)
  An orc warrior (D:10)
  A killer bee (D:8)
4 creatures vanquished.

Grand Total: 257 creatures vanquished

Notes
Turn   | Place    | Note
-------+----------+-------------------------------------------
     0 | D:1      | bane2007 the Gnoll Wanderer began the quest for the Orb.
     0 | D:1      | bane2007 set off with the following items: a +2 dagger, 3
                  | curare-tipped darts, a +0 falchion, a scroll of
                  | vulnerability, a scroll of teleportation, a +0 robe.
     0 | D:1      | Reached XP level 1. HP: 23/23 MP: 1/1
   155 | D:1      | Reached XP level 2. HP: 28/29 MP: 2/2
   495 | D:1      | Reached XP level 3. HP: 33/35 MP: 3/3
   904 | D:2      | Found a runed translucent door.
   905 | D:2      | Noticed Crazy Yiuf
   932 | D:2      | Reached skill level 1 in Invocations
  1168 | D:2      | Reached skill level 1 in Short Blades
  1168 | D:2      | Reached skill level 1 in Axes
  1168 | D:2      | Reached skill level 1 in Maces & Flails
  1168 | D:2      | Reached skill level 1 in Polearms
  1168 | D:2      | Reached skill level 1 in Staves
  1168 | D:2      | Reached skill level 1 in Ranged Weapons
  1168 | D:2      | Reached skill level 1 in Dodging
  1168 | D:2      | Reached skill level 1 in Stealth
  1168 | D:2      | Reached skill level 1 in Shields
  1168 | D:2      | Reached skill level 1 in Unarmed Combat
  1168 | D:2      | Reached skill level 1 in Spellcasting
  1168 | D:2      | Reached skill level 1 in Evocations
  1245 | D:2      | Found a faded altar of an unknown god.
  1245 | D:2      | Noticed an ice devil
  1261 | D:2      | Reached skill level 1 in Shapeshifting
  1261 | D:2      | Reached XP level 4. HP: 41/41 MP: 5/5
  1266 | D:2      | Prayed at the altar of an unknown god.
  1266 | D:2      | Became a worshipper of the Shining One
  1266 | D:2      | Reached * piety under the Shining One
  1406 | D:2      | Found an ancient bone altar of Kikubaaqudgha.
  1698 | D:3      | Reached skill level 1 in Conjurations
  1698 | D:3      | Reached skill level 1 in Hexes
  1698 | D:3      | Reached skill level 1 in Summonings
  1698 | D:3      | Reached skill level 1 in Necromancy
  1698 | D:3      | Reached skill level 1 in Translocations
  1698 | D:3      | Reached skill level 1 in Fire Magic
  1698 | D:3      | Reached skill level 1 in Ice Magic
  1698 | D:3      | Reached skill level 1 in Air Magic
  1698 | D:3      | Reached skill level 1 in Earth Magic
  1698 | D:3      | Reached skill level 1 in Alchemy
  2095 | D:3      | Found a broken altar of Ashenzari.
  2393 | D:3      | Found a hazy altar of Hepliaklqana.
  2919 | D:4      | Noticed a black bear
  2947 | D:4      | Killed a black bear
  2948 | D:4      | Reached XP level 5. HP: 29/47 MP: 5/7
  2996 | D:4      | Reached XP level 6. HP: 41/53 MP: 8/8
  3155 | D:4      | Found a radiant altar of Vehumet.
  3156 | D:4      | Noticed a black bear
  3187 | D:4      | Found a staircase to the Ecumenical Temple.
  3194 | Temple   | Entered the Ecumenical Temple
  3199 | Temple   | Killed a black bear
  3404 | Temple   | Reached XP level 7. HP: 53/60 MP: 10/10
  3688 | D:4      | Noticed Edmund
  3697 | D:4      | Killed Edmund
  4183 | D:5      | Entered Level 5 of the Dungeon
  4199 | D:4      | Reached XP level 8. HP: 47/67 MP: 12/12
  4411 | D:5      | Found Xefrust's Armour Shop.
  4423 | D:5      | Bought a +0 tower shield for 49 gold pieces
  4581 | D:5      | Found Biuh's Distillery.
  4641 | D:5      | Found Gis Rino's Assorted Antiques.
  4682 | D:5      | Reached ** piety under the Shining One
  4834 | D:5      | Found Hipricio's Armour Boutique.
  4881 | D:5      | Found Ogerriz's Book Boutique.
  5360 | D:6      | Noticed Prince Ribbit
  5855 | D:6      | Killed Prince Ribbit
  5856 | D:6      | Reached XP level 9. HP: 52/73 MP: 13/15
  5991 | D:6      | Found a white marble altar of Elyvilon.
  6104 | D:6      | Reached skill level 5 in Armour
  6285 | D:6      | Found a hide-covered altar of Uskayaw.
  6444 | D:6      | Noticed Duvessa
  6444 | D:6      | Noticed Dowan
  6517 | D:6      | Killed Duvessa
  6525 | D:6      | Killed Dowan
  6619 | D:6      | Found an iron altar of Okawaru.
  6895 | D:6      | Reached skill level 5 in Invocations
  7341 | D:7      | Found a stormy altar of Qazlal.
  7612 | D:7      | Found a sparkling altar of Nemelex Xobeh.
  7613 | D:7      | Found a glowing silver altar of Zin.
  7803 | D:7      | Found a shadowy altar of Dithmenos.
  7908 | D:7      | Found a glowing golden altar of the Shining One.
  8258 | D:7      | Reached skill level 5 in Short Blades
  8258 | D:7      | Reached skill level 5 in Axes
  8258 | D:7      | Reached skill level 5 in Maces & Flails
  8258 | D:7      | Reached skill level 5 in Polearms
  8258 | D:7      | Reached skill level 5 in Staves
  8258 | D:7      | Reached skill level 5 in Ranged Weapons
  8258 | D:7      | Reached skill level 5 in Dodging
  8258 | D:7      | Reached skill level 5 in Stealth
  8258 | D:7      | Reached skill level 5 in Shields
  8258 | D:7      | Reached skill level 5 in Unarmed Combat
  8258 | D:7      | Reached skill level 5 in Spellcasting
  8258 | D:7      | Reached skill level 5 in Evocations
  8258 | D:7      | Reached XP level 10. HP: 55/81 MP: 17/17
  8488 | D:8      | Found an ancient bone altar of Kikubaaqudgha.
  9687 | D:9      | Noticed a two-headed ogre
 10127 | D:9      | Found Ushuuso's Assorted Antiques.
 10139 | D:9      | Bought a steaming scale mail for 297 gold pieces
 10139 | D:9      | Identified the +1 scale mail of the Tundras {rPois Dex+5}
                  | (You bought it in a shop on level 9 of the Dungeon)
 10254 | D:9      | Reached skill level 5 in Shapeshifting
 10623 | D:9      | Noticed Maggie
 10639 | D:10     | Entered Level 10 of the Dungeon
 10736 | D:10     | Noticed Nergalle
 10757 | D:10     | Killed Nergalle
 11211 | D:9      | Killed Maggie
 11430 | D:10     | Found a blossoming altar of Fedhas.
 11632 | D:9      | Noticed a two-headed ogre
 11652 | D:9      | Killed a two-headed ogre
 11677 | D:9      | Reached *** piety under the Shining One
 12041 | D:9      | Reached skill level 5 in Conjurations
 12041 | D:9      | Reached skill level 5 in Hexes
 12041 | D:9      | Reached skill level 5 in Summonings
 12041 | D:9      | Reached skill level 5 in Necromancy
 12041 | D:9      | Reached skill level 5 in Translocations
 12041 | D:9      | Reached skill level 5 in Fire Magic
 12041 | D:9      | Reached skill level 5 in Ice Magic
 12041 | D:9      | Reached skill level 5 in Air Magic
 12041 | D:9      | Reached skill level 5 in Earth Magic
 12041 | D:9      | Reached skill level 5 in Alchemy
 12100 | D:9      | Reached XP level 11. HP: 61/88 MP: 20/20
 12195 | D:9      | Identified the +5 spear of Attainder {elec, SInv}
 13374 | D:10     | Found an opulent altar of Gozag.
 13394 | D:10     | Noticed Lodul
 13583 | D:10     | Found a sacrificial altar of Ru.
 13773 | D:10     | Learned a level 2 spell: Blink
 13812 | D:10     | Noticed a boulder beetle
 13827 | D:10     | a boulder beetle changed into an ettin
 13827 | D:10     | Noticed an ettin
 13831 | D:10     | Killed an ettin
 14384 | D:11     | Noticed a manticore
 14390 | D:11     | Noticed an eight-headed hydra
 14408 | D:11     | HP: 2/89 [eight-headed hydra (8)]
 14408 | D:11     | Slain by an eight-headed hydra

Illustrated notes

Levels and vault maps discovered:
D:1:      onia_arrival_handbag, layout_loops_cross, minivault_11,
          feat_on_display
D:2:      layout_basic, serial_curves, eino_curves_04, eino_curves_03,
          eino_curves_04, basic_altar, dreamdust_ecumenical_altar_sealed_demon,
          st_stairs_7, minmay_goblin_kobold_house, uniq_crazy_yiuf_cottage
D:3:      layout_basic, mainiacjoe_overflow_alcove_1,
          worldfamousw_hep_ancestral_shrine, kennysheep_generic_room_15
D:4:      layout_loops_ring, mainiacjoe_overflow_catwalk,
          minmay_temple_entry_arrows, kennysheep_generic_room_8, uniq_edmund
D:5:      cheibrodos_thug_alley, layout_cave_pools, serial_shops, shop,
          nicolae_shop_temple_entry_statues_fountains,
          nicolae_shop_real_fake_doors, shop, nicolae_shop_advertising_works
          [nicolae_subvault_shop_adworks]
D:6:      layout_rooms, kennysheep_okawaru_gauntlet, elyvilon_altar_3,
          marbit_many_paths, fountainhead, grunt_decor_cap, uniq_duvessa,
          uniq_prince_ribbit1
D:7:      layout_loops_ring, mainiacjoe_overflow_alcove_4,
          mainiacjoe_overflow_divided_tiny, mainiacjoe_overflow_alcove_2,
          kennysheep_mini_moat
D:8:      layout_layer_cave, nicolae_overflow_crystal_walls
D:9:      layout_long_grid, serial_shops, shop, uniq_maggie
D:10:     layout_roguey, grunt_gozag_statues, mainiacjoe_overflow_cross_hatched,
          nicolae_ru_path_of_blood, uniq_lodul, uniq_nergalle
D:11:     minmay_the_grid_square_5x5_5x5
          [minmay_the_grid_square_5x5_broken_cross,
          minmay_the_grid_square_5x5_intrusive_squares,
          minmay_the_grid_square_5x5_minimal,
          minmay_the_grid_square_5x5_shrine1, minmay_the_grid_square_5x5_z,
          minmay_the_grid_square_5x5_percent,
          minmay_the_grid_square_5x5_prize_gold,
          minmay_the_grid_square_5x5_inset,
          minmay_the_grid_square_5x5_prize_open,
          minmay_the_grid_square_5x5_checkered_sparse,
          minmay_the_grid_square_5x5_comb, minmay_the_grid_square_5x5_dogpile,
          minmay_the_grid_square_5x5_prize_rear_guard,
          minmay_the_grid_square_5x5_beaten_path,
          minmay_the_grid_square_5x5_misaligned,
          minmay_the_grid_square_5x5_almost_minimal,
          minmay_the_grid_square_5x5_prize_open,
          minmay_the_grid_square_5x5_hourglass,
          minmay_the_grid_square_5x5_prize_junk,
          minmay_the_grid_square_5x5_shuriken, minmay_the_grid_square_5x5_seven,
          minmay_the_grid_square_5x5_hollow_slash,
          minmay_the_grid_square_5x5_two_walls_b,
          minmay_the_grid_square_5x5_lines, minmay_the_grid_square_5x5_n_small],
          layout_basic, erik_orc_1
Temple:   nicolae_temple_superstar

Skill      XL: |  1  2  3  4  5  6  7  8  9 10 11 |
---------------+----------------------------------+-----
Invocations    | 1 2 3 4 5 6 7 |  7.2
Short Blades   | 1 2 3 4 5 6 |  6.6
Axes           | 1 2 3 4 5 6 |  6.6
Maces & Flails | 1 2 3 4 5 6 |  6.6
Polearms       | 1 2 3 4 5 6 |  6.6
Staves         | 1 2 3 4 5 6 |  6.6
Ranged Weapons | 1 2 3 4 5 6 |  6.6
Dodging        | 1 2 3 4 5 6 |  6.6
Stealth        | 1 2 3 4 5 6 |  6.6
Shields        | 1 2 3 4 5 6 |  6.6
Unarmed Combat | 1 2 3 4 5 6 |  6.6
Spellcasting   | 1 2 3 4 5 6 |  6.6
Evocations     | 1 2 3 4 5 6 |  6.6
Shapeshifting  | 1 2 3 4 5 6 |  6.0
Conjurations   | 1 2 3 4 5 |  5.4
Hexes          | 1 2 3 4 5 |  5.4
Summonings     | 1 2 3 4 5 |  5.4
Necromancy     | 1 2 3 4 5 |  5.4
Translocations | 1 2 3 4 5 |  5.4
Fire Magic     | 1 2 3 4 5 |  5.4
Ice Magic      | 1 2 3 4 5 |  5.4
Air Magic      | 1 2 3 4 5 |  5.4
Earth Magic    | 1 2 3 4 5 |  5.4
Alchemy        | 1 2 3 4 5 |  5.4
Armour         | 3 4 5 6 7 |  7.1
Fighting       | 7 8 9 |  9.4
Long Blades    | 7 8 9 |  9.4
Throwing       | 7 8 9 |  9.4

Action                     |  1- 3 |  4- 6 |  7- 9 | 10-12 || total
---------------------------+-------+-------+-------+-------++-------
  Melee: Falchion          |   133 |    86 |   255 |       ||   474
         Bite              |    12 |     9 |    64 |    63 ||   148
         Dagger            |     2 |       |       |       ||     2
         Punch             |       |     4 |     5 |     5 ||    14
         Flail             |       |       |   217 |   317 ||   534
         Unarmed           |       |       |     1 |       ||     1
         Spear             |       |       |       |    23 ||    23
  Throw: Dart              |       |     8 |    14 |    34 ||    56
   Cast: Blink             |       |       |       |     1 ||     1
  Evoke: Wand              |       |       |     1 |    30 ||    31
    Use: Scroll            |       |     8 |     7 |    14 ||    29
         Potion            |       |       |    11 |     3 ||    14
   Stab: Sleeping          |     3 |       |       |       ||     3
 Armour: Leather armour    |    71 |    77 |   342 |    95 ||   585
         Robe              |     4 |       |       |       ||     4
         Chain mail        |       |       |    97 |       ||    97
         Scale mail        |       |       |       |    51 ||    51
         Plate armour      |       |       |       |   146 ||   146
         Acid dragon scale |       |       |       |    77 ||    77
  Dodge: Dodged            |    85 |    60 |   201 |   142 ||   488
  Block: Tower shield      |       |       |   480 |   387 ||   867
